 Dungeon Crawl Stone Soup version 0.25.0-11-g1f837a76a1 (webtiles) character file.

Game seed: 11083316671863726564

74 mortelune the Caller (level 4, -7/30 HPs)
             Began as a Barachi Summoner on June 27, 2020.
             Mangled by an ice beast (11 damage)
             ... on level 5 of the Dungeon.
             The game lasted 00:08:02 (3023 turns).

mortelune the Caller (Barachi Summoner)             Turns: 3023, Time: 00:08:03

Health: -7/30      AC:  5    Str: 10    XL:     4   Next: 30%
Magic:  4/8        EV: 12    Int: 16    God:
Gold:   165        SH:  0    Dex: 12    Spells: 3/9 levels left

rFire    . . .     SeeInvis .   a - +1 hunting sling
rCold    . . .     Gourm    .   (no shield)
rNeg     . . .     Faith    .   i - +0 robe
rPois    .         Spirit   .   (no helmet)
rElec    .         Reflect  .   n - +1 cloak
rCorr    +         Harm     .   t - +0 pair of gloves
MR       .....                  (no boots)
Stlth    ++........             (no amulet)
HPRegen  0.10/turn              C - ring of resist corrosion
MPRegen  0.11/turn              (no ring)

@: about to teleport, can't hop, slow
A: +LOS, swims, slowness 1, strong legs 1
a: Hop


You were on level 5 of the Dungeon.
You were not hungry.

You visited 1 branch of the dungeon, and saw 5 of its levels.

You collected 165 gold pieces.

Inventory:

Hand Weapons
 a - a +1 hunting sling (weapon)
 b - a +0 spear
Missiles
 s - 9 sling bullets
 Q - 29 stones (quivered)
Armour
 i - a +0 robe (worn)
 n - a +1 cloak (worn)
 t - a +0 pair of gloves (worn)
Jewellery
 C - a ring of resist corrosion (left hand)
Scrolls
 k - a scroll of fear {unknown}
 l - 2 scrolls of enchant armour
 o - a scroll of remove curse
Potions
 d - 2 potions of lignification {unknown}
 f - a potion of cancellation {unknown}
 g - 3 potions of brilliance
 h - 2 potions of heal wounds
 m - 2 potions of stabbing
 q - a potion of magic {unknown}
Comestibles
 c - 6 rations
 u - 2 chunks of flesh


   Skills:
 - Level 2.1 Dodging
 - Level 1.7 Stealth
 + Level 3.1 Spellcasting
 * Level 6.2 Summonings


You had 3 spell levels left.
You knew the following spells:

 Your Spells              Type           Power        Failure   Level  Hunger
a - Summon Small Mammal   Summ           ###.         1%          1    None
b - Call Imp              Summ           ###.....     2%          2    ##.....
c - Call Canine Familiar  Summ           ###.....     4%          3    ###....

Your spell library contained the following spells:

 Spells                   Type           Power        Failure   Level  Hunger
 Summon Guardian Golem    Hex/Summ       ##......     16%         3    ###....
 Summon Ice Beast         Ice/Summ       ##......     45%         4    ####...
 Summon Lightning Spire   Summ/Air       ##......     45%         4    ####...


Dungeon Overview and Level Annotations

Branches:
Dungeon (6/15)             Temple (0/1) D:6

Altars:
Trog
Xom
Yredelemnul
The Shining One


Innate Abilities, Weirdness & Mutations

You can be seen from farther away. (+LOS)
You can swim through water.
You cover ground slowly.
You can hop short distances.


Message History

There is a stone staircase leading up here.
The bullfrog croaks.
You hear a shout!
The ice beast misses you.
Your hound bites the ice beast.
You climb upwards.
A shadow imp comes into view.
The shadow imp shouts!
Found 17 arrows.
There is a stone staircase leading down here.
The ice beast closely misses you.
As you read the scroll labeled QUICIU EDILAI, it crumbles to dust.
It is a scroll of enchant weapon.
Your +0 hunting sling glows red for a moment.
The ice beast misses you.
Okay, then.
As you read the scroll labeled RAIKHO KIMIWUE, it crumbles to dust.
You feel strangely unstable.
It was a scroll of teleportation.
The ice beast hits you.
* * * LOW HITPOINT WARNING * * *
The ice beast freezes you!
You die...

#...#
#...#
...#
...#
..# ..#
#.# #.#
#@# #Y#
#.# #5#
... .(.
.....
.....
#.#####


You could see an ice beast and a shadow imp.

Vanquished Creatures
  An ooze (D:1)
  A leopard gecko (D:3)
  3 bats
  5 goblins
  4 hobgoblins
  3 jackals
  4 kobolds
  6 rats
27 creatures vanquished.

Vanquished Creatures (collateral kills)
  2 adders (D:2)
  A worm (D:2)
  A leopard gecko (D:2)
  A ball python (D:1)
  A giant cockroach (D:2)
  5 goblins
  2 hobgoblins (D:1)
  9 jackals
  7 kobolds
  4 bats
  2 rats (D:1)
35 creatures vanquished.

Grand Total: 62 creatures vanquished

Notes
Turn   | Place    | Note
-------+----------+-------------------------------------------
     0 | D:1      | mortelune the Barachi Summoner began the quest for the Orb.
     0 | D:1      | Reached XP level 1. HP: 13/13 MP: 3/3
     2 | D:1      | Noticed a troll
     2 | D:1      | Noticed a human
     4 | D:1      | Noticed a demonspawn
     4 | D:1      | Noticed a gargoyle
     6 | D:1      | Noticed a naga
     8 | D:1      | Noticed a spriggan
    10 | D:1      | Noticed a tengu
    10 | D:1      | Noticed a centaur
    12 | D:1      | Noticed an ogre
    12 | D:1      | Noticed a dwarf
    14 | D:1      | Noticed a halfling
    14 | D:1      | Noticed an elf
    16 | D:1      | Noticed a felid
    16 | D:1      | Noticed a draconian
    18 | D:1      | Noticed a ghoul
    20 | D:1      | Noticed a formicid
    20 | D:1      | Noticed a vampire
    22 | D:1      | Noticed a merfolk
    22 | D:1      | Noticed a demigod
    24 | D:1      | Noticed an octopode
    24 | D:1      | Noticed a vine stalker
    26 | D:1      | Noticed a minotaur
   185 | D:1      | Reached skill level 5 in Summonings
   200 | D:1      | Reached XP level 2. HP: 8/19 MP: 3/5
   207 | D:1      | Learned a level 2 spell: Call Imp
   851 | D:1      | Reached XP level 3. HP: 22/24 MP: 2/7
   856 | D:1      | Learned a level 3 spell: Call Canine Familiar
  1810 | D:2      | Reached skill level 6 in Summonings
  2210 | D:2      | Reached XP level 4. HP: 26/30 MP: 4/8
  2493 | D:2      | Found a bloodstained altar of Trog.
  2493 | D:2      | Found a glowing golden altar of the Shining One.
  2742 | D:3      | Found a basalt altar of Yredelemnul.
  2946 | D:3      | Found a shimmering altar of Xom.
  3003 | D:3      | You fall into a shaft and drop 3 floors!
  3004 | D:6      | Noticed an ice beast
  3017 | D:6      | Noticed a bullfrog
  3020 | D:5      | Entered Level 5 of the Dungeon
  3023 | D:5      | Mangled by an ice beast

Illustrated notes

Levels and vault maps discovered:
D:1:      kb_arrival_jail, layout_rooms
D:2:      layout_rooms, gammafunk_temple_overflow_wave, first_ration,
          kennysheep_cross_room, wad_floor_pattern_1
D:3:      layout_basic, yredelemnul_altar_generic, overflow_temple_1_default
D:5:      layout_rooms, lemuel_doored_altar, uniq_crazy_yiuf_cottage
D:6:      layout_cave_pools, vehumet_statue, old_standard_altar,
          nicolae_overflow_hidden_temple, minmay_temple_entry_stoned_glass,
          serial_shops, shop_statue

Skill      XL: |  1  2  3 |
---------------+----------+-----
Summonings     | 5 6 |  6.2
Spellcasting   | 3 |  3.1
Dodging        | |  2.1
Stealth        | |  1.7

Action                   |  1- 3 |  4- 6 || total
-------------------------+-------+-------++-------
Melee: Unarmed           |    15 |       ||    15
       Spear             |    86 |    26 ||   112
 Fire: Hunting sling     |       |    21 ||    21
 Cast: Summon Small Mamm |    13 |       ||    13
       Call Imp          |     6 |     1 ||     7
       Call Canine Famil |     7 |     3 ||    10
 Abil: Hop               |     1 |     1 ||     2
  Use: Scroll            |     2 |     7 ||     9
 Stab: Sleeping          |     1 |       ||     1
  Eat: Chunk             |     6 |       ||     6
       Ration            |       |     1 ||     1
Armor: Robe              |    41 |    19 ||    60
Dodge: Dodged            |    90 |    37 ||   127
